 Dungeon Crawl Stone Soup version bcrawl-1.12-10-g10a67aac0f (webtiles) character file.

Game seed: 3564379845742465119

256 Hercules1031 the Caller (level 6, -2/50 HPs)
             Began as a Gnoll Wanderer on June 16, 2019.
             Slain by a two-headed ogre
             ... wielding a +0 dire flail
              (4 damage)
             ... on level 4 of the Dungeon.
             The game lasted 00:13:03 (2608 turns).

Hercules1031 the Caller (Gnoll Wanderer)            Turns: 2608, Time: 00:13:04

Health: -2/50      AC:  7    Str: 16    XL:     6   Next: 16%
Magic:  0/8        EV: 11    Int: 22    God:
Gold:   209        SH:  0    Dex: 12    Spells: 5/8 levels left

rFire    + . .     SeeInvis .   a - +2 spear
rCold    . . .     Gourm    .   (no shield)
rNeg     . . .     Faith    .   n - +2 ring mail {rF+}
rPois    .         Spirit   .   (no helmet)
rElec    .         Reflect  .   l - scarf {repulsion}
rCorr    .         Harm     .   (no gloves)
MR       .....                  (no boots)
Stlth    +.........             (no amulet)
HPRegen  0.16/turn              (no ring)
MPRegen  0.11/turn              (no ring)

@: brilliant, flying, repel missiles
A: distributed training, fangs 1, strong nose
a: no special abilities


You were on level 4 of the Dungeon.
You were full.

You visited 1 branch of the dungeon, and saw 4 of its levels.

You collected 209 gold pieces.

Inventory:

Hand Weapons
 a - a +2 spear (weapon)
 t - a +2 short sword of venom
Armour
 d - a +0 robe
 l - a scarf of repulsion (worn)
 n - a +2 ring mail of fire resistance (worn)
Wands
 r - a wand of acid (11)
 s - a wand of clouds (4)
Scrolls
 b - 3 scrolls of teleportation
 c - 4 scrolls of identify
 h - a scroll of fog {unknown}
 i - 2 scrolls of amnesia
 k - a scroll of immolation {unknown}
 o - a scroll of magic mapping {unknown}
 p - 3 scrolls of remove curse {unknown}
 u - a scroll of blinking {unknown}
Potions
 e - a potion of might {unknown}
 g - a potion of berserk rage {unknown}
 j - 2 potions of curing {unknown}
 m - a potion of brilliance
 q - a potion of flight
Comestibles
 f - 4 rations {!d}


   Skills:
 + Level 4.9 Fighting
 + Level 1.8 Short Blades
 + Level 1.8 Long Blades
 + Level 1.8 Axes
 + Level 1.8 Maces & Flails
 + Level 3.1 Polearms
 + Level 1.8 Staves
 + Level 1.8 Slings
 + Level 1.8 Bows
 + Level 1.8 Crossbows
 + Level 3.1 Throwing
 + Level 1.8 Armour
 + Level 1.8 Dodging
 + Level 1.8 Stealth
 + Level 1.8 Shields
 + Level 1.8 Unarmed Combat
 + Level 1.8 Spellcasting
 + Level 1.4 Conjurations
 + Level 1.4 Hexes
 + Level 1.4 Charms
 + Level 7.2 Summonings
 + Level 2.5 Necromancy
 + Level 1.4 Translocations
 + Level 1.4 Transmutations
 + Level 1.4 Fire Magic
 + Level 1.4 Ice Magic
 + Level 1.4 Air Magic
 + Level 1.4 Earth Magic
 + Level 1.4 Poison Magic
 + Level 2.0 Invocations
 + Level 3.1 Evocations


You had 5 spell levels left.
You knew the following spells:

 Your Spells              Type           Power        Failure   Level  Hunger
a - Summon Small Mammal   Summ           ####         1%          1    #......
b - Call Imp              Summ           #####...     1%          2    ###....

Your spell library contained the following spells:

 Spells                   Type           Power        Failure   Level  Hunger
 Call Canine Familiar     Summ           #####...     1%          3    ###....
 Summon Ice Beast         Ice/Summ       ####....     5%          4    #####..
 Summon Lightning Spire   Summ/Air       ####....     13%         5    ######.


Dungeon Overview and Level Annotations

Branches:
Dungeon (4/12)
 Temple: D:4-7

Altars:
Cheibriados


Innate Abilities, Weirdness & Mutations

Your experience applies equally to all skills.
You have very sharp teeth.
Your uncanny sense of smell can sniff out nearby items.


Message History

The jackal bites your rat.
Your rat dies!
Your rat's corpse disappears in a puff of smoke!
Casting: Summon Small Mammal (safe; 1% risk of failure)
Confirm with . or Enter, or press ? or * to list all spells.
The jackal bites you but does no damage.
The two-headed ogre hits you with a +0 dire flail!!
* * * LOW HITPOINT WARNING * * *
The two-headed ogre hits you with a +0 giant club!
* * * LOW HITPOINT WARNING * * *
Unknown command.
It was a potion of brilliance.
You feel clever all of a sudden.
Your quokka bites the two-headed ogre but does no damage.
It was a potion of flight.
You feel very buoyant.
You fly up into the air.
The worker ant barely misses you.
Your quokka bites the two-headed ogre.
The two-headed ogre closely misses you.
The two-headed ogre hits you with a +0 giant club.
You die...

#.. .. #.# #. #.#
#.
##.##############.
#...........>.....
#..#########.####.
#..# #.# ... #..#
#.#.... #@r#
#.#.... #Oa#
#.####+ #h.# #.#
#..# #.# #..# ...
#..# #..#
#..########
#..........


You could see a two-headed ogre, a worker ant, a jackal and a friendly quokka.

Vanquished Creatures
  An ogre (D:4)
  2 adders (D:3)
  3 oozes
  3 worms
  A dart slug (D:1)
  4 leopard geckos
  2 orcs (D:3)
  4 giant cockroaches
  2 goblins (D:1)
  6 hobgoblins
  2 jackals
  5 bats
  3 frilled lizards
  6 kobolds
  4 rats
48 creatures vanquished.

Vanquished Creatures (collateral kills)
  A big kobold (D:4)
  A crimson imp (D:3)
  A worker ant zombie (D:3)
  An adder (D:3)
  A goblin (D:2)
  4 hobgoblins
  A jackal (D:4)
  2 quokkas (D:3)
  A bat (D:3)
13 creatures vanquished.

Grand Total: 61 creatures vanquished

Notes
Turn   | Place    | Note
-------+----------+-------------------------------------------
     0 | D:1      | Hercules1031 the Gnoll Wanderer began the quest for the
                  | Orb.
     0 | D:1      | Hercules1031 set off with the following items: a +2 spear,
                  | a scroll of teleportation, a +0 robe, a ration {!d}; and
                  | the following spell memorised: Summon Small Mammal; and the
                  | following spells available to memorise: Call Imp, Call
                  | Canine Familiar, Summon Ice Beast, Summon Lightning Spire
     0 | D:1      | Reached XP level 1. HP: 20/20 MP: 2/2
    65 | D:1      | Reached XP level 2. HP: 23/26 MP: 3/3
   682 | D:1      | Reached XP level 3. HP: 31/31 MP: 4/4
   886 | D:2      | Learned a level 2 spell: Call Imp
  1121 | D:2      | Reached skill level 1 in Invocations
  1148 | D:2      | Found a snail-covered altar of Cheibriados.
  1701 | D:3      | Reached skill level 1 in Short Blades
  1701 | D:3      | Reached skill level 1 in Long Blades
  1701 | D:3      | Reached skill level 1 in Axes
  1701 | D:3      | Reached skill level 1 in Maces & Flails
  1701 | D:3      | Reached skill level 1 in Staves
  1701 | D:3      | Reached skill level 1 in Slings
  1701 | D:3      | Reached skill level 1 in Bows
  1701 | D:3      | Reached skill level 1 in Crossbows
  1701 | D:3      | Reached skill level 1 in Armour
  1701 | D:3      | Reached skill level 1 in Dodging
  1701 | D:3      | Reached skill level 1 in Stealth
  1701 | D:3      | Reached skill level 1 in Shields
  1701 | D:3      | Reached skill level 1 in Unarmed Combat
  1701 | D:3      | Reached skill level 1 in Spellcasting
  1711 | D:3      | Reached XP level 4. HP: 31/38 MP: 4/6
  1981 | D:3      | Reached skill level 1 in Conjurations
  1981 | D:3      | Reached skill level 1 in Hexes
  1981 | D:3      | Reached skill level 1 in Charms
  1981 | D:3      | Reached skill level 1 in Translocations
  1981 | D:3      | Reached skill level 1 in Transmutations
  1981 | D:3      | Reached skill level 1 in Fire Magic
  1981 | D:3      | Reached skill level 1 in Ice Magic
  1981 | D:3      | Reached skill level 1 in Air Magic
  1981 | D:3      | Reached skill level 1 in Earth Magic
  1981 | D:3      | Reached skill level 1 in Poison Magic
  1981 | D:3      | Reached XP level 5. HP: 43/43 MP: 4/7
  2205 | D:4      | Noticed an ogre
  2214 | D:4      | Killed an ogre
  2225 | D:4      | Noticed a big kobold
  2237 | D:4      | Killed a big kobold
  2237 | D:4      | Reached XP level 6. HP: 39/50 MP: 4/8
  2556 | D:4      | Noticed a two-headed ogre
  2605 | D:4      | HP: 2/50 [two-headed ogre/+0 dire flail (12)]
  2608 | D:4      | Slain by a two-headed ogre

Skill      XL: |  1  2  3  4  5 |
---------------+----------------+-----
Necromancy     | 2 |  2.5
Invocations    | 1 2 |  2.0
Short Blades   | 1 |  1.8
Long Blades    | 1 |  1.8
Axes           | 1 |  1.8
Maces & Flails | 1 |  1.8
Staves         | 1 |  1.8
Slings         | 1 |  1.8
Bows           | 1 |  1.8
Crossbows      | 1 |  1.8
Armour         | 1 |  1.8
Dodging        | 1 |  1.8
Stealth        | 1 |  1.8
Shields        | 1 |  1.8
Unarmed Combat | 1 |  1.8
Spellcasting   | 1 |  1.8
Conjurations   | 1 |  1.4
Hexes          | 1 |  1.4
Charms         | 1 |  1.4
Translocations | 1 |  1.4
Transmutations | 1 |  1.4
Fire Magic     | 1 |  1.4
Ice Magic      | 1 |  1.4
Air Magic      | 1 |  1.4
Earth Magic    | 1 |  1.4
Poison Magic   | 1 |  1.4
Polearms       | 3 |  3.1
Throwing       | 3 |  3.1
Evocations     | 3 |  3.1
Fighting       | |  4.9
Summonings     | |  7.2

Action                   |  1- 3 |  4- 6 || total
-------------------------+-------+-------++-------
Melee: Spear             |   101 |    66 ||   167
       Bite              |    11 |     2 ||    13
 Cast: Summon Small Mamm |    18 |    38 ||    56
  Use: Scroll            |     2 |       ||     2
       Potion            |       |     2 ||     2
 Stab: Sleeping          |     1 |       ||     1
       Distracted        |       |     2 ||     2
  Eat: Chunk             |     2 |       ||     2
       Ration            |     1 |     2 ||     3
Armor: Robe              |    10 |       ||    10
       Ring mail         |     6 |    29 ||    35
Dodge: Dodged            |    46 |    35 ||    81
